 Dungeon Crawl Stone Soup version 0.29-a0-284-gf9362112df (webtiles) character file.

Game seed: 14108135485747206987

98 rabbitsville the Sneak (level 4, -2/24 HPs)
             Began as a Vampire Enchanter on Mar 15, 2022.
             Slain by Terence
             ... wielding a +0 hand axe
              (5 damage)
             ... on level 2 of the Dungeon.
             The game lasted 00:13:38 (1881 turns).

rabbitsville the Sneak (Vampire Enchanter)          Turns: 1881, Time: 00:13:39

Health: -2/24      AC:  2    Str:  7    XL:     4   Next: 43%
Magic:  8/8        EV: 12    Int: 17    God:
Gold:   34         SH:  0    Dex: 16    Spells: 8/8 levels left

rFire   . . .      SeeInvis +   k - +1 dagger (speed)
rCold   + + .      Faith    .   (no shield)
rNeg    + + +      Spirit   .   b - +0 robe
rPois   ∞          Reflect  .   (no helmet)
rElec   .          Harm     .   (no cloak)
rCorr   .          Rampage  .   (no gloves)
Will    .....                   (no boots)
Stlth   +++++.....              (no amulet)
HPRegen 0.00/turn               (no ring)
MPRegen 0.11/turn               (no ring)

@: lethally poisoned (-2 -> -2), bloodless, inhibited regen
A: bloodless, fangs 3, see invisible, vampiric 2
a: Bat Form, Revivify


You were on level 2 of the Dungeon.
You visited 1 branch of the dungeon, and saw 3 of its levels.

You collected 34 gold pieces.

Inventory:

Hand Weapons
 k - a +1 dagger of speed (weapon)
Armour
 b - a +0 robe (worn)
Scrolls
 d - 2 scrolls of teleportation {unknown}
 f - 2 scrolls of identify {unknown}
 g - a scroll of vulnerability {unknown}
 h - a scroll of enchant weapon {unknown}
 i - a scroll of magic mapping {unknown}
 j - a scroll of enchant armour {unknown}
Potions
 a - a potion of haste {unknown}
 c - a potion of invisibility
 e - a potion of mutation {unknown}


   Skills:
 + Level 2.4 Short Blades
 - Level 2.1 Dodging
 + Level 5.6 Stealth
 + Level 2.8 Spellcasting
 + Level 5.3 Hexes


You had 8 spell levels left.
You didn't know any spells.
Your spell library contained the following spells:

 Spells                   Type           Power      Damage    Failure   Level
 Confusing Touch          Hex            20%        N/A       6%          3
 Tukima's Dance           Hex            20%        N/A       6%          3
 Ensorcelled Hibernation  Hex/Ice        22%        N/A       9%          2
 Dazzling Flash           Conj/Hex       22%        N/A       19%         3
 Scorch                   Fire           4%         2d5       26%         2
 Flame Wave               Conj/Fire      2%         2d4       87%         4
 Summon Cactus Giant      Summ           1%         N/A       100%        6


Dungeon Overview and Level Annotations

Branches:
Dungeon (3/15)

Altars:

Annotations:
D:2 Terence


Innate Abilities, Weirdness & Mutations

You do not regenerate when monsters are visible.
You are frail without blood (-20% HP).
You can heal yourself when you bite living creatures.
You are immune to poison.
You have razor-sharp teeth.
You have supernaturally acute eyesight. (SInv)
You are afflicted with vampirism and can become a bat while bloodless.


Message History

Terence hits you with a +0 hand axe.
You hit Terence but do no damage. You bite Terence, but do no damage.
Terence is lightly wounded.
You hit Terence but do no damage.
Terence is lightly wounded.
Terence closely misses you.
You hit Terence.
Terence is lightly wounded.
You hit Terence but do no damage.
Terence is lightly wounded.
Terence barely misses you.
You hit Terence.
Terence is moderately wounded.
Terence barely misses you.
You barely miss Terence.
Terence is moderately wounded.
You hit Terence but do no damage.
Terence is moderately wounded.
Terence barely misses you.
You hit Terence but do no damage.
Terence is moderately wounded.
You hit Terence.
Terence is heavily wounded.
Terence hits you with a +0 hand axe!
You hit Terence.
Terence is heavily wounded.
You hit Terence but do no damage. Your bite misses Terence.
Terence is heavily wounded.
Terence closely misses you.
You hit Terence but do no damage.
Terence is heavily wounded.
Terence says, "You're history."
Terence hits you with a +0 hand axe!
* * * LOW HITPOINT WARNING * * *
You hit Terence but do no damage.
Terence is heavily wounded.
Terence attacks as you move away! Terence misses you.
Terence attacks as you move away! Terence closely misses you.
Terence attacks as you move away! Terence hits you with a +0 hand axe.
You die...

#. #.##.#.# #...#
# #. #.#.#####...#
... .............
....#####.##.#...#
#.............##?
#)..............
#.####).##.#..# #
#.......#..#.. #
#.#..@@.......
#.##.#..##.#..#.#
#.....[.......#
####.#####......#
#.# ###.### #.#
... ####.## ..#
#..>..# .# #.##..#


You could see Terence.

Vanquished Creatures
  A howler monkey (D:3)
  2 adders (D:3)
  A worm (D:3)
  3 endoplasms (D:1)
  2 giant cockroaches (D:1)
  4 goblins
  3 hobgoblins
  2 quokkas
  A ball python (D:1)
  2 bats
  2 frilled lizards
  10 kobolds
  4 rats (D:1)
37 creatures vanquished.

Vanquished Creatures (others)
  2 plants (D:1)
2 creatures vanquished.

Grand Total: 39 creatures vanquished

Notes
Turn   | Place    | Note
-------+----------+-------------------------------------------
     0 | D:1      | rabbitsville the Vampire Enchanter began the quest for the
                  | Orb.
     0 | D:1      | Reached XP level 1. HP: 13/13 MP: 3/3
   265 | D:1      | Reached XP level 2. HP: 19/19 MP: 5/5
   951 | D:2      | Noticed Terence
  1216 | D:3      | Reached skill level 5 in Stealth
  1216 | D:3      | Gained mutation: You are afflicted with vampirism and can
                  | become a bat while bloodless. [Vampire growth]
  1216 | D:3      | Reached XP level 3. HP: 24/24 MP: 6/6
  1280 | D:3      | Reached skill level 5 in Hexes
  1633 | D:3      | Reached XP level 4. HP: 13/24 MP: 6/8
  1881 | D:2      | Slain by Terence

Illustrated notes

Levels and vault maps discovered:
D:1:      dpeg_arrival_shrine, layout_basic, grunt_decor_one_mirror,
          chequers_big_river, serial_bayou_pond_d
D:2:      layout_loops_cross, minmay_liquid_box, uniq_terence
D:3:      layout_loops_ring, nemelex_spade_bored_becter, st_stairs_2,
          uniq_jessica

Skill      XL: |  1  2  3 |
---------------+----------+-----
Stealth        | 5 |  5.6
Hexes          | 5 |  5.3
Short Blades   | 2 |  2.4
Dodging        | |  2.1
Spellcasting   | |  2.8

Action                   |  1- 3 |  4- 6 || total
-------------------------+-------+-------++-------
Melee: Dagger            |   153 |    23 ||   176
       Bite              |    13 |     1 ||    14
       Punch             |     2 |       ||     2
 Abil: Exsanguinate      |     1 |       ||     1
  Use: Potion            |     1 |       ||     1
 Stab: Sleeping          |     7 |     1 ||     8
Armor: Robe              |    15 |       ||    15
Dodge: Dodged            |    66 |     9 ||    75

Table legend: (Time is in decaauts)
 A = Elapsed time spent in this place.
 B = Non-inter-level travel time spent in this place.
 C = Inter-level travel time spent in this place.
 D = Time resting spent in this place.
 E = Time spent auto-exploring this place.
 F = Levels seen in this place.
 G = Mean time per level.
                   A        B        C        D        E       F      G
               +--------+--------+--------+--------+--------+-----+--------+
         Total |   1862 |   1810 |     52 |    359 |    272 |   3 |  620.7 |
       Dungeon |   1862 |   1810 |     52 |    359 |    272 |   3 |  620.7 |
               +--------+--------+--------+--------+--------+-----+--------+

Top non-repeatable levels by time:
     D:1: 988 daAuts
     D:3: 618 daAuts
     D:2: 255 daAuts
